[Event "*** Titled Tuesday Blitz"]
[Site "Chess.com"]
[Date "2018.09.04"]
[Round "3"]
[White "r31415"]
[Black "HanSchut"]
[Result "1-0"]
[WhiteElo "2384"]
[BlackElo "2216"]
[TimeControl "180+2"]
[EndTime "14:10:43 PDT"]
[Termination "r31415 won by resignation"]

1. e4 c5 2. Nf3 d6 3. d4 cxd4 4.
Nxd4 Nf6 5. Nc3 a6 6. h3 e6 7. g4 d5 8. exd5 Nxd5 9. Nde2 Bb4 10. Bg2 O-O 11. O-O Bxc3 12. Nxc3 Nxc3 13. bxc3 Qc7 14.
Qf3 Nc6 15. Rd1 e5 16. Rb1 Be6 17. a4 Rad8 18. Rxd8 Rxd8 19. Be3 Bd5 20. Qe2 Bxg2 21. Bb6 Qd7 22. Bxd8 Bxh3 23. Bh4 Bxg4 24. Qd3 Qe6 25. Rxb7 g6 26. Rb6 e4 27. Qxa6 Bf3 28. Rxc6 Qh3 29.
Qc8+ Qxc8 30. Rxc8+ 1-0

[Event "*** Titled Tuesday Blitz"]
[Site "Chess.com"]
[Date "2018.09.04"]
[Round "3"]
[White "DanielNaroditsky"]
[Black "dreamist"]
[Result "1-0"]
[WhiteElo "2977"]
[BlackElo "2655"]
[TimeControl "180+2"]
[EndTime "14:10:54 PDT"]
[Termination "DanielNaroditsky won by resignation"]

1. d4 Nf6 2. Bf4 g6 3. Nc3 d5 4.
Qd2 c5 5. dxc5 Nc6 6. e3 Bg7 7.
Nf3 O-O 8. Bb5 Ne4 9. Nxe4 dxe4 10. Bxc6 bxc6 11. O-O-O Qe8 12. Ne5 g5 13. Bg3 Be6 14. Qc3 a5 15. h4 f6 16. Nc4 Qf7 17. Nb6 Ra7 18. hxg5 fxg5 19. Be5 a4 20. a3 Bf6 21.
f4 exf3 22. gxf3 Qg7 23. f4 Bxe5 24. fxe5 Bg4 25. Qc4+ Qf7 26. Qxg4 Qa2 27. Qxg5+ Kh8 28. Rxh7+ 1-0

[Event "*** Titled Tuesday Blitz"]
[Site "Chess.com"]
[Date "2018.09.04"]
[Round "3"]
[White "aquaticpineapples"]
[Black "epccmelech"]
[Result "1-0"]
[WhiteElo "2008"]
[BlackElo "1621"]
[TimeControl "180+2"]
[EndTime "14:10:55 PDT"]
[Termination "aquaticpineapples won on time"]

1. d4 Nf6 2. Nf3 c5 3. e3 cxd4 4. exd4 d5 5. h3 Nc6 6. Bd3 g6 7. c3 Bg7 8. O-O O-O 9. Bf4 Re8 10. Nbd2 Qb6 11. Rb1 Bd7 12. Re1 Rac8 13. Ne5 Nxe5 14.
Bxe5 Nh5 15. Qf3 Bxe5 16. Rxe5 Nf6 17. Nb3 Bb5 18. Bc2 Kg7 19. Rbe1 e6 20. Nc5 Nd7 21.
b4 Nxc5 22. dxc5 Qc6 23. h4 a5 24. h5 Qc7 25. R1e3 Qd7 26. h6+ Kxh6 27. Qf6 1-0

[Event "*** Titled Tuesday Blitz"]
[Site "Chess.com"]
[Date "2018.09.04"]
[Round "3"]
[White "GeorgMeier"]
[Black "chesstatour"]
[Result "1-0"]
[WhiteElo "2817"]
[BlackElo "1994"]
[TimeControl "180+2"]
[EndTime "14:10:55 PDT"]
[Termination "GeorgMeier won by resignation"]

1. Nf3 Nf6 2. g3 g6 3. Bg2 Bg7 4. O-O O-O 5. d4 d5 6. c4 c6 7. cxd5 cxd5 8. Nc3 Nc6 9. Ne5 Be6 10. Bf4 Rc8 11. Rc1 Qb6 12. Na4 Qa5 13. Rc5 Qd8 14.
Nxc6 Rxc6 15. Rxc6 bxc6 16. Nc5 Bc8 17. Be5 Nd7 18. Bxg7 Kxg7 19. Qc2 Qb6 20. Nxd7 Bxd7 21. Qc3 Rb8 22. b3 Qb4 23. Rc1 Qxc3 24. Rxc3 Rb5 25. e3 Ra5 26. a4 Ra6 27. Kf1 Kf8 28. Ke1 Ke8 29. Kd2 Kd8 30. Kc2 Rb6 31. Kb2 f6 32.
Ka3 e6 33. f4 Ke7 34. e4 f5 35. e5 h6 36. Bf1 Rb8 37. Rc5 g5 38. Ra5 Rb7 39.
Ba6 Rc7 40. Kb4 Kd8 41. Kc5 Ke7 42. Be2 gxf4 43. gxf4 Rc8 44. Rxa7 Rg8 45. Ba6 h5 46. Bb7 Rg2 47. h4 Rc2+ 48. Kb6 Kd8 49. b4 Rb2 50. Bxc6 Bxc6 51. Kxc6 Rxb4 52. Kd6 Rxd4 1-0

[Event "*** Titled Tuesday Blitz"]
[Site "Chess.com"]
[Date "2018.09.04"]
[Round "3"]
[White "Vuk2000"]
[Black "yosephtaher"]
[Result "0-1"]
[WhiteElo "2729"]
[BlackElo "2717"]
[TimeControl "180+2"]
[EndTime "14:10:58 PDT"]
[Termination "yosephtaher won by checkmate"]

1. e4 e5 2. Nf3 Nf6 3. Nxe5 d6 4.
Nf3 Nxe4 5. d4 d5 6. Bd3 Be7 7. O-O O-O 8. c4 Nc6 9. Nc3 Nxc3 10. bxc3 dxc4 11. Bxc4 Bf5 12. Re1 Bf6 13. Bf4 Qd7 14. Qd2 Rfe8 15. h3 Be4 16. Ng5 Bxg5 17. Bxg5 h6 18. Bf4 Na5 19. Bf1 Bd5 20. Re5 Nc4 21.
Bxc4 Bxc4 22. Rc5 Re2 23. Qd1 Qe6 24. Be3 Rxa2 25. Rxa2 Bxa2 26. Rxc7 Bd5 27. Qd3 a5 28. c4 Be4 29. Qa3 Qg6 30. g3 Qf5 31. Kf1 Bf3 32. Ke1 Qc2 33. Bd2 Qd1# 0-1

[Event "*** Titled Tuesday Blitz"]
[Site "Chess.com"]
[Date "2018.09.04"]
[Round "3"]
[White "dretch"]
[Black "Aryangholami"]
[Result "1-0"]
[WhiteElo "2762"]
[BlackElo "2720"]
[TimeControl "180+2"]
[EndTime "14:11:01 PDT"]
[Termination "dretch won on time"]

1. d4 Nf6 2. c4 e6 3. Nc3 Bb4 4. Qc2 b6 5. e4 c5 6. a3 Bxc3+ 7. bxc3 d6 8. Bd3 Nc6 9. Ne2 O-O 10. O-O Ba6 11.
f4 e5 12. fxe5 dxe5 13. d5 Na5 14. Bg5 Bxc4 15. Ng3 Bb3 16. Qc1 Kh8 17. Nf5 Rg8 18.
Nxg7 Kxg7 19. Bxf6+ Qxf6 20. Rxf6 Kxf6 21. Qh6+ Ke7 22.
Rf1 Rg6 23. Qh4+ Kf8 24. Qxh7 Rg7 25. Qh8+ Rg8 26. Qh5 Rg7 27. Rxf7+ Rxf7 28. Qh8+ Ke7 29. Qxa8 Kd6 30. Qd8+ Rd7 31. Qb8+ Rc7 32. h4 c4 33.
Be2 Bc2 34. Bg4 Nb7 35. Qf8+ Re7 36. Qf6+ Kc5 37. Qxe7+ 1-0

[Event "*** Titled Tuesday Blitz"]
[Site "Chess.com"]
[Date "2018.09.04"]
[Round "3"]
[White "julinha97"]
[Black "inegrepus"]
[Result "0-1"]
[WhiteElo "2160"]
[BlackElo "2213"]
[TimeControl "180+2"]
[EndTime "14:11:05 PDT"]
[Termination "inegrepus won by resignation"]

1. e4 e6 2. d4 d5 3. Nc3 dxe4 4. Nxe4 Nd7 5. Nf3 Ngf6 6. Nxf6+ Nxf6 7. Bd3 c5 8. Be3 cxd4 9. Bxd4 Be7 10. c3 O-O 11.
Qc2 h6 12. O-O-O Qa5 13. Kb1 Bd7 14. g4 Bc6 15. Qe2 Bd5 16. b3 Rac8 17. Rhg1 Rxc3 18. Bxc3 Qxc3 19. Rc1 Qa5 20. Ne5 Ba3 21. Rc2 Bd6 22. Nc4 Bxc4 23. Bxc4 Bf4 24. h4 b5 25. Bd3 Nd5 26. Qe4 g6 27. h5 Nc3+ 28. Rxc3 Qxc3 29. hxg6 Be5 30. gxf7+ Rxf7 31. Qg6+ Kf8 32. Qxh6+ Bg7 33.
Qc1 Qxd3+ 34. Qc2 Qxc2+ 35. Kxc2 Rxf2+ 36. Kd3 Rxa2 37. Rc1 Rg2 38. Rc8+ Kf7 39. Rc7+ Kg8 40. Rxa7 Rg3+ 41. Ke4 Rxg4+ 42. Kf3 Rb4 43. Re7 Rxb3+ 44. Ke4 Rb1 0-1

[Event "*** Titled Tuesday Blitz"]
[Site "Chess.com"]
[Date "2018.09.04"]
[Round "3"]
[White "nitpicker"]
[Black "jeetjain"]
[Result "0-1"]
[WhiteElo "2151"]
[BlackElo "2316"]
[TimeControl "180+2"]
[EndTime "14:11:07 PDT"]
[Termination "jeetjain won on time"]

1. d4 d5 2. c4 e6 3. Nf3 Nf6 4. g3 dxc4 5. Bg2 c5 6. O-O Nc6 7.
Ne5 Bd7 8. Na3 cxd4 9. Naxc4 Be7 10. Qb3 Qc7 11. Bf4 Nh5 12. Rac1 Nxf4 13. gxf4 O-O 14.
Rfd1 Rfd8 15. Qh3 Nxe5 16. Nxe5 Qb6 17. Be4 g6 18. Nxf7 Rf8 19. Ne5 Be8 20. Qg3 Bf6 21. Ng4 Bg7 22. b3 Bb5 23. Rd2 a5 24. h4 Qd6 25. e3 Qb4 26. Rdd1 dxe3 27. Qxe3 Qe7 28. h5 gxh5 29. Ne5 Qf6 30. Bxb7 Rab8 31. Bc6 Qxf4 32.
Qxf4 Rxf4 0-1

[Event "*** Titled Tuesday Blitz"]
[Site "Chess.com"]
[Date "2018.09.04"]
[Round "3"]
[White "volcanoexplorer"]
[Black "Vegan4future"]
[Result "0-1"]
[WhiteElo "2321"]
[BlackElo "2419"]
[TimeControl "180+2"]
[EndTime "14:11:07 PDT"]
[Termination "Vegan4future won by resignation"]

1. e4 c5 2. Nf3 e6 3. d4 cxd4 4. Nxd4 Bc5 5. Be3 Qb6 6. Nc3 Nc6 7. Ncb5 a6 8. Nxe6 fxe6 9. Qh5+ g6 10. Qg5 axb5 11. Bxc5 Qd8 12. Qe3 Qf6 13. c3 b4 14.
Bb5 bxc3 15. bxc3 Nge7 16. O-O O-O 17. f4 Ra5 18. a4 Re8 19. Bb6 Ra8 20. Rad1 d5 21.
Bd4 Qf7 22. exd5 Nxd5 23. Qe4 Bd7 24. Bxc6 Bxc6 25. Qe5 Kf8 26. Qh8+ Ke7 27. Bc5+ Kd7 28. c4 Rxh8 0-1

[Event "*** Titled Tuesday Blitz"]
[Site "Chess.com"]
[Date "2018.09.04"]
[Round "3"]
[White "indfraeng"]
[Black "Quiet_Desperation"]
[Result "0-1"]
[WhiteElo "1942"]
[BlackElo "1892"]
[TimeControl "180+2"]
[EndTime "14:11:12 PDT"]
[Termination "Quiet_Desperation won by checkmate"]

1. d4 Nf6 2. c4 e6 3. g3 Bb4+ 4. Bd2 Qe7 5. Nf3 Nc6 6. Bg2 Bxd2+ 7. Qxd2 Ne4 8. Qd3 Qb4+ 9. Nc3 Qxb2 10. O-O Nxc3 11.
Nd2 Nb4 12. Qe3 Nc2 13. Qd3 Nxa1 14. d5 O-O 15. Ne4 Nxe2+ 16. Kh1 f5 17. Ng5 Nc3 18. dxe6 dxe6 19. g4 Qc2 20. Qe3 h6 21. Rxa1 hxg5 22. Rc1 f4 23. Qxc3 Qxc3 24. Rxc3 e5 25. f3 Kf7 26.
Bf1 Kf6 27. Bd3 Be6 28. Be4 c6 29. c5 Rad8 30. Ra3 a6 31. Ra4 Rd4 32. Ra3 Rxe4 33.
fxe4 Bxg4 34. Rb3 Rf7 35. Kg2 Rd7 36. h3 Be6 37. Rb2 g6 38. a4 g4 39. hxg4 Bxg4 40. a5 Be6 41. Kf2 g5 42. Kg2 g4 43. Kf2 Kg5 44.
Kg1 g3 45. Kg2 Kg4 46. Rc2 f3+ 47. Kg1 Rd1# 0-1

[Event "*** Titled Tuesday Blitz"]
[Site "Chess.com"]
[Date "2018.09.04"]
[Round "3"]
[White "LawrenceTrent"]
[Black "ramses135"]
[Result "1-0"]
[WhiteElo "2546"]
[BlackElo "2521"]
[TimeControl "180+2"]
[EndTime "14:11:14 PDT"]
[Termination "LawrenceTrent won by resignation"]

1. e4 e5 2. Nf3 Nc6 3. Bb5 Nge7 4. O-O g6 5. c3 a6 6. Ba4 Bg7 7. d4 b5 8. Bb3 exd4 9. cxd4 O-O 10. d5 Na5 11.
Bd2 c5 12. d6 Nec6 13. Bc3 Bb7 14. Bd5 Qb6 15. Bxg7 Kxg7 16. a3 Nd4 17. Nc3 Nxf3+ 18. Qxf3 Qxd6 19. Rad1 Qe7 20. Bxb7 Nxb7 21. Nd5 Qe5 22. Nb6 Rad8 23. Nxd7 Qxb2 24. e5 Rfe8 25. Qxb7 Qxa3 26. Nf6 Rf8 27. Rxd8 Rxd8 28. e6 Kxf6 29. Qxf7+ Ke5 30. e7 1-0

[Event "*** Titled Tuesday Blitz"]
[Site "Chess.com"]
[Date "2018.09.04"]
[Round "3"]
[White "Federtiu"]
[Black "ENEASZ"]
[Result "0-1"]
[WhiteElo "2577"]
[BlackElo "2534"]
[TimeControl "180+2"]
[EndTime "14:11:16 PDT"]
[Termination "ENEASZ won by resignation"]

1. e4 d6 2. d4 Nf6 3. Nc3 e5 4. Nf3 Nbd7 5. g4 Nxg4 6. Rg1 exd4 7. Nxd4 Nde5 8. h3 Nf6 9. Be3 c6 10. f4 Ng6 11. Qf3 d5 12. e5 Ne4 13. Nxe4 dxe4 14.
Qxe4 Qh4+ 15. Kd2 Bd7 16. Rd1 O-O-O 17. Kc1 Bc5 18. Nf3 Bxe3+ 19. Qxe3 Qxf4 20. Qxf4 Nxf4 21. Rxg7 Be6 22. Rxd8+ Kxd8 23. Ng5 Ke7 24. Rxh7 Rxh7 25. Nxh7 Bxh3 26. Bxh3 Nxh3 27. Nf6 Ke6 28. Ng4 Nf4 29. Kd2 Ng6 30. b3 Nxe5 31. Ne3 f5 32. Ng2 Ng6 33. Ke3 Ke5 34. Ne1 f4+ 35. Kf3 Kf5 36. c4 Ne5+ 37. Ke2 Ke4 38. Nc2 f3+ 39. Kf1 c5 40. Na3 a6 41. Nb1 Kd3 0-1

[Event "*** Titled Tuesday Blitz"]
[Site "Chess.com"]
[Date "2018.09.04"]
[Round "3"]
[White "chessmaxusa"]
[Black "Mbneu"]
[Result "1-0"]
[WhiteElo "2511"]
[BlackElo "2260"]
[TimeControl "180+2"]
[EndTime "14:11:18 PDT"]
[Termination "chessmaxusa won by resignation"]

1. d4 Nf6 2. Nf3 c5 3. c3 b6 4. Bf4 Bb7 5. e3 d6 6. Nbd2 Nbd7 7. h3 g6 8. Be2 Bg7 9. O-O O-O 10. a4 a6 11. Bh2 Qc7 12. Re1 Bc6 13. Bf1 b5 14.
a5 Ne4 15. Nxe4 Bxe4 16. Nd2 Bb7 17. Qb3 Qc6 18. Rad1 Rac8 19. Nf3 c4 20. Qa3 Qe4 21. Rc1 h6 22. Nd2 Qc6 23. e4 e5 24. Nf3 d5 25. exd5 Qxd5 26. Nxe5 Nxe5 27. Bxe5 Rfe8 28. Bxg7 Kxg7 29. Re7 Bc6 30. Rce1 Qg5 31. R7e3 Rxe3 32.
Rxe3 Re8 33. Rxe8 Bxe8 34. Qd6 Qd2 35. Qxa6 Qxb2 36. Qc8 b4 37. a6 bxc3 38. a7 c2 39.
a8=Q c1=Q 40. Qxe8 1-0

[Event "*** Titled Tuesday Blitz"]
[Site "Chess.com"]
[Date "2018.09.04"]
[Round "3"]
[White "ViIIagra"]
[Black "metra93"]
[Result "0-1"]
[WhiteElo "2778"]
[BlackElo "2477"]
[TimeControl "180+2"]
[EndTime "14:11:20 PDT"]
[Termination "metra93 won by resignation"]

1. e4 e6 2. d4 d5 3. Nc3 Bb4 4. e5 c5 5. a3 Bxc3+ 6. bxc3 Qc7 7. Qg4 f5 8. Qg3 Ne7 9. Bd2 O-O 10. h4 b6 11. h5 Ba6 12. Ne2 Qd7 13. a4 Nbc6 14.
Rh4 Rac8 15. Bg5 Bxe2 16. Bxe2 f4 17. Rxf4 Nf5 18. Qg4 cxd4 19. cxd4 Nb4 20. Bd3 Nxc2+ 21. Bxc2 Rxc2 22. Qd1 Qc6 23. Rf3 h6 24. Bc1 Nh4 25. Rxf8+ Kxf8 26. Ba3+ Kg8 27. Kf1 Nf5 28. Kg1 Qc4 29. a5 Nxd4 30. g3 Ne2+ 31. Kg2 Qe4+ 32.
Kh2 Nf4 0-1

[Event "*** Titled Tuesday Blitz"]
[Site "Chess.com"]
[Date "2018.09.04"]
[Round "3"]
[White "jk13"]
[Black "Vamostodorecto"]
[Result "1-0"]
[WhiteElo "2541"]
[BlackElo "2405"]
[TimeControl "180+2"]
[EndTime "14:11:21 PDT"]
[Termination "jk13 won by resignation"]

1. e4 e5 2. Nf3 Nc6 3. Bc4 Nf6 4. d3 Be7 5. O-O O-O 6. Re1 d6 7. a4 Kh8 8. a5 a6 9. Nc3 Ng8 10. d4 exd4 11. Nxd4 Nxd4 12. Qxd4 f5 13. Nd5 Bf6 14. Nxf6 Nxf6 15. exf5 Bxf5 16. c3 Ng4 17. Bf4 Qh4 18. Bg3 Qg5 19. h3 Nxf2 20. Bxf2 Bxh3 21. Bf1 Bf5 22. Qe3 Qh5 23. Qe7 Rf6 24. Be2 Qg6 25. Qe3 Be4 26. Qg3 Qf5 27. Bg4 Qd5 28. Rad1 Qc6 29.
Bh5 Raf8 30. Bd4 d5 31. Bxf6 Rxf6 32. Rxe4 dxe4 33. Rd8+ 1-0

[Event "*** Titled Tuesday Blitz"]
[Site "Chess.com"]
[Date "2018.09.04"]
[Round "3"]
[White "maciek_92"]
[Black "nihalsarin"]
[Result "0-1"]
[WhiteElo "2660"]
[BlackElo "2865"]
[TimeControl "180+2"]
[EndTime "14:11:28 PDT"]
[Termination "nihalsarin won by resignation"]

1. c4 Nf6 2. Nc3 e6 3. Nf3 d5 4. e3 c5 5. cxd5 exd5 6. d4 Nc6 7. Bd3 Bd6 8. dxc5 Bxc5 9. h3 O-O 10. O-O a6 11. b3 Ba7 12. Bb2 d4 13. exd4 Nxd4 14.
Nxd4 Bxd4 15. Qd2 Be6 16. Rad1 Be5 17. Qe2 Qc7 18. Ne4 Bxb2 19. Qxb2 Nxe4 20. Bxe4 Rad8 21. Qc2 Qxc2 22. Bxc2 g6 23. f4 b6 24. Kf2 Kg7 25.
Rxd8 Rxd8 26. Rd1 Rc8 27. Rd2 a5 28. Bd3 h5 29. h4 Kf6 30. Rc2 Rd8 31. Ke3 Rxd3+ 32.
Kxd3 Bf5+ 33. Kc3 Bxc2 34. Kxc2 Kf5 35. Kc3 Kxf4 36. Kc4 Kg3 37. Kb5 Kxg2 38. Kxb6 f5 39. Kxa5 f4 40. b4 f3 41. b5 f2 42. b6 f1=Q 43.
b7 Qf4 0-1

[Event "*** Titled Tuesday Blitz"]
[Site "Chess.com"]
[Date "2018.09.04"]
[Round "3"]
[White "tony15051987"]
[Black "JonahWillow"]
[Result "0-1"]
[WhiteElo "2450"]
[BlackElo "2746"]
[TimeControl "180+2"]
[EndTime "14:11:31 PDT"]
[Termination "JonahWillow won on time"]

1. d4 Nf6 2. c4 e6 3. Nc3 c5 4. d5 exd5 5. cxd5 d6 6. e4 g6 7. f4 Bg7 8. Bb5+ Nfd7 9. Bd3 Qh4+ 10. g3 Qe7 11. Nf3 O-O 12. O-O Nb6 13. f5 N8d7 14.
Bg5 Bf6 15. Qd2 Bxg5 16. Nxg5 Ne5 17. f6 Qd8 18. Be2 Nbd7 19. Qf4 h6 20. Nf3 Nxf3+ 21. Rxf3 Ne5 22. Rf2 Kh7 23. h4 h5 24. Nd1 Bg4 25. Ne3 Bxe2 26. Rxe2 Qd7 27. Kg2 Rae8 28. Nf5 Ng4 29.
Nxd6 Re5 30. Nc4 Ree8 31. Rd1 b5 32. Ne3 Ne5 33. Nf5 Ng4 34. Nd6 Qd8 35. Nxb5 Qb6 36. Nc3 Re5 37. d6 Rd8 38. Red2 Re6 39. d7 Rxf6 40.
Qg5 Rxd7 41. Rxd7 Qxb2+ 42. R1d2 Qxc3 43. R7d3 Qc4 44. Qxc5 Qxc5 0-1

[Event "*** Titled Tuesday Blitz"]
[Site "Chess.com"]
[Date "2018.09.04"]
[Round "3"]
[White "Alopekos"]
[Black "wadsy27"]
[Result "1-0"]
[WhiteElo "2427"]
[BlackElo "2314"]
[TimeControl "180+2"]
[EndTime "14:11:35 PDT"]
[Termination "Alopekos won by checkmate"]

1. e4 c5 2. Nf3 e6 3. d4 cxd4 4. Nxd4 Nc6 5. Nc3 Qc7 6. Be3 a6 7. Be2 Nf6 8. O-O Bb4 9. Na4 Be7 10. Nxc6 bxc6 11. Nb6 Rb8 12. Nxc8 Qxc8 13. e5 Nd5 14. Bc1 c5 15. c4 Nb4 16. b3 Nc6 17. Bb2 Qc7 18.
Kh1 Nxe5 19. f4 Ng6 20. f5 Ne5 21. Bh5 g6 22. Qe2 d6 23. fxe6 f5 24. Rxf5 gxh5 25. Bxe5 dxe5 26. Rd1 Bd6 27. Qxh5+ Kd8 28. Rf7 Kc8 29.
Rxc7+ Kxc7 30. Qf7+ Kc8 31. Qd7# 1-0

[Event "*** Titled Tuesday Blitz"]
[Site "Chess.com"]
[Date "2018.09.04"]
[Round "3"]
[White "Yurovskykh_Oleksandr"]
[Black "Gr3egor"]
[Result "1-0"]
[WhiteElo "2449"]
[BlackElo "2480"]
[TimeControl "180+2"]
[EndTime "14:11:40 PDT"]
[Termination "Yurovskykh_Oleksandr won by resignation"]

1. d4 Nf6 2. Bg5 d5 3. Bxf6 exf6 4. e3 c6 5. g3 Bd6 6. Bg2 O-O 7. Ne2 Qb6 8. b3 a5 9. O-O a4 10. Nd2 Bf5 11. e4 dxe4 12. Nxe4 Be7 13. c3 Nd7 14. b4 Qb5 15. Nf4 Nb6 16. Nc5 Nc4 17. Re1 Bd6 18. Bf1 Bxf4 19. gxf4 b6 20. Ne4 Bxe4 21.
Rxe4 Qd5 22. Bg2 Qf5 23. Qd3 b5 24. Rae1 Rac8 25. Qh3 Qxh3 26. Bxh3 Rcd8 27. Bg2 Rd6 28. Re7 Nb6 29. Rc7 Nd5 30. Bxd5 cxd5 31. Rc5 Rb8 32.
Rxb5 Ra8 33. Ra5 Rc8 34. Rxa4 g5 35. Ra3 gxf4 36. Rb3 Ra6 37. Ra1 Rca8 38. b5 Rxa2 39. Rxa2 Rxa2 40. Kg2 Kf8 41. b6 Ra8 42. b7 Rb8 43.
Kf3 Ke7 44. Kxf4 Kd6 45. Kf5 1-0

[Event "*** Titled Tuesday Blitz"]
[Site "Chess.com"]
[Date "2018.09.04"]
[Round "3"]
[White "MFBerna"]
[Black "akretchetov"]
[Result "1-0"]
[WhiteElo "2355"]
[BlackElo "2236"]
[TimeControl "180+2"]
[EndTime "14:11:41 PDT"]
[Termination "MFBerna won by checkmate"]

1. e4 e5 2. Nf3 Nc6 3. Bb5 a6 4. Ba4 d6 5. O-O g6 6. d4 Bd7 7.
dxe5 Nxe5 8. Bxd7+ Qxd7 9. Nc3 Bg7 10. Nd5 Ne7 11. Bh6 Nxf3+ 12. Qxf3 Nxd5 13. Bxg7 Rg8 14. exd5 Rxg7 15. Rfe1+ Kf8 16. Re3 Re8 17. Rae1 Rxe3 18. Rxe3 f5 19. g3 Re7 20. Kg2 Qe8 21. Rxe7 Qxe7 22.
h4 Qe5 23. b3 Kf7 24. c4 Kf6 25. g4 Qd4 26. g5+ Ke5 27. Kg3 Qe4 28. Qc3+ Qd4 29. Qe1+ Qe4 30. Qc3+ Qd4 31. f4+ Ke4 32. Qf3# 1-0

[Event "*** Titled Tuesday Blitz"]
[Site "Chess.com"]
[Date "2018.09.04"]
[Round "3"]
[White "LuisFSiles"]
[Black "ozates"]
[Result "0-1"]
[WhiteElo "2196"]
[BlackElo "2378"]
[TimeControl "180+2"]
[EndTime "14:11:51 PDT"]
[Termination "ozates won by resignation"]

1. e4 d6 2. Nc3 Nf6 3. f4 e5 4. Nf3 Nbd7 5. Bc4 h6 6. O-O exf4 7. d4 g5 8. e5 dxe5 9. dxe5 Bc5+ 10. Kh1 Ng4 11. Ne4 Be3 12. Qd5 Qe7 13. h3 Nb6 14. Qxf7+ Qxf7 15. Bxf7+ Kxf7 16. hxg4 Bxc1 17. Raxc1 Bxg4 18. Nf6 Be6 19. b3 Rad8 20. Rcd1 Nd5 21. Nxd5 Rxd5 22. c4 Rdd8 23. Kg1 Bg4 24. Kf2 Ke6 25.
Rfe1 Bxf3 26. Kxf3 h5 27. Ke4 h4 28. b4 Rxd1 29. Rxd1 h3 30. gxh3 Rxh3 31. Rd8 Re3+ 32.
Kd4 Re1 33. Re8+ Kf5 34. Rf8+ Kg4 35. Rf7 f3 36. c5 f2 37. Rxf2 Kg3 38. Rd2 g4 39.
Kd5 Kf4 40. Rd4+ Kf5 41. e6 Re5+ 42. Kc4 Rxe6 43. Rd7 g3 44. Rf7+ Rf6 45. Rg7 Rg6 46. Rf7+ Ke4 47. Rf1 g2 48. Rg1 Ke3 49. b5 Kf2 50.
Rxg2+ Kxg2 0-1

[Event "*** Titled Tuesday Blitz"]
[Site "Chess.com"]
[Date "2018.09.04"]
[Round "3"]
[White "ecwinslow"]
[Black "arna"]
[Result "1/2-1/2"]
[WhiteElo "2011"]
[BlackElo "2076"]
[TimeControl "180+2"]
[EndTime "14:11:52 PDT"]
[Termination "Game drawn by agreement"]

1. d4 Nf6 2. c4 e6 3. Nf3 c5 4. d5 b5 5. Bg5 h6 6. Bxf6 Qxf6 7. Qc2 exd5 8. Nc3 Bb7 9. Nxb5 Qb6 10. e3 dxc4 11.
Bxc4 d5 12. Be2 Nd7 13. O-O Be7 14. Rfd1 a6 15. Nc3 Nf6 16. Rac1 Rc8 17. Qa4+ Qc6 18. Qxc6+ Bxc6 19. Bxa6 Rb8 20. a4 Rxb2 21. Bb5 Bxb5 22. axb5 O-O 23. Nxd5 Nxd5 24. Rxd5 Rxb5 25. Nd4 Rb7 26. Nf5 Re8 27. Nxe7+ Rexe7 28. Rdxc5 g6 29. h4 h5 30. g3 Kg7 31. Kg2 Rb2 32. R1c4 Rxe3 33.
Rf4 Re7 34. Rc6 Rbb7 35. Rcf6 Rbc7 1/2-1/2

[Event "*** Titled Tuesday Blitz"]
[Site "Chess.com"]
[Date "2018.09.04"]
[Round "3"]
[White "JozefKneht"]
[Black "colemman"]
[Result "1-0"]
[WhiteElo "2501"]
[BlackElo "2463"]
[TimeControl "180+2"]
[EndTime "14:11:53 PDT"]
[Termination "JozefKneht won by checkmate"]

1. e4 c5 2. Nf3 e6 3. d4 cxd4 4. Nxd4 Nf6 5. Nc3 Nc6 6. Ndb5 Bb4 7. a3 Bxc3+ 8. Nxc3 d5 9. exd5 exd5 10. Bd3 O-O 11.
O-O d4 12. Ne2 Bg4 13. Bg5 Re8 14. Re1 Qd6 15. Bxf6 Qxf6 16. Qd2 Rad8 17. Ng3 Ne5 18. Re4 Nxd3 19. Qxd3 Rxe4 20. Qxe4 Bc8 21. Re1 g6 22. b4 Kg7 23. h3 b6 24. Qe7 h5 25. Qxa7 h4 26. Nf1 Bf5 27. a4 Bxc2 28. a5 bxa5 29.
bxa5 d3 30. Nd2 Rd6 31. Qc5 Rc6 32. Qb4 g5 33. f3 Kg6 34. Re8 Qf5 35. Ne4 Qd5 36.
Rg8+ Kh6 37. Qf8+ Kh5 38. Rh8+ Kg6 39. Rh6+ Kf5 40. Rxc6 Qxc6 41. Qxf7+ Ke5 42. Qe7+ Kf4 43. Qxg5# 1-0

[Event "*** Titled Tuesday Blitz"]
[Site "Chess.com"]
[Date "2018.09.04"]
[Round "3"]
[White "Drags95"]
[Black "Kimster98"]
[Result "1-0"]
[WhiteElo "2672"]
[BlackElo "2488"]
[TimeControl "180+2"]
[EndTime "14:12:02 PDT"]
[Termination "Drags95 won by resignation"]

1. e4 d6 2. d4 Nf6 3. Nc3 c6 4. Bg5 Nbd7 5. f4 Qa5 6. Qd2 e5 7.
dxe5 dxe5 8. fxe5 Nxe5 9. Nf3 Bb4 10. Bxf6 gxf6 11. Bd3 Bg4 12. Nxe5 Qxe5 13. O-O O-O-O 14. Qh6 Bxc3 15. bxc3 Qxc3 16. Qxf6 Qxf6 17. Rxf6 Be6 18. a3 Rd4 19. Rh6 Bc4 20. Rf1 Bxd3 21. cxd3 Rxd3 22. Rxf7 Rxa3 23. Re6 Rd8 24. h4 h5 25.
Ree7 Rb3 26. e5 a5 27. e6 a4 28. Rc7+ Kb8 29. e7 Re8 30. Rd7 a3 31. Rd8+ Ka7 32.
Rxe8 a2 33. Rf1 Rb1 34. Ra8+ Kxa8 35. e8=Q+ Ka7 36. Qe3+ Kb8 37. Qe5+ Ka7 38. Qa5+ Kb8 39. Qxa2 1-0

[Event "*** Titled Tuesday Blitz"]
[Site "Chess.com"]
[Date "2018.09.04"]
[Round "3"]
[White "farzadbfd"]
[Black "xberli"]
[Result "1-0"]
[WhiteElo "2536"]
[BlackElo "2542"]
[TimeControl "180+2"]
[EndTime "14:12:07 PDT"]
[Termination "farzadbfd won by resignation"]

1. e4 c5 2. Nc3 d6 3. g3 g6 4. Bg2 Bg7 5. d3 Nc6 6. Be3 e6 7. Qd2 Rb8 8. Nge2 b5 9. a3 Nge7 10. O-O a5 11. d4 cxd4 12. Nxd4 b4 13. axb4 axb4 14. Ncb5 Nxd4 15. Nxd4 O-O 16. Bh6 Qc7 17. Bxg7 Kxg7 18. Rfd1 Rd8 19. h4 e5 20. h5 h6 21.
Nf3 Bg4 22. hxg6 fxg6 23. Ra6 Rb6 24. Rda1 Nc6 25. Qd5 Bxf3 26. Bxf3 Nd4 27. Bg2 Rf8 28. c3 bxc3 29. Ra7 Ne2+ 30. Kh2 Rf7 31. Rxc7 Rxc7 32. Ra8 Rf7 33. bxc3 Nxc3 34. Qc4 Nb5 35. Ra5 Nd4 36. Ra8 Rb2 37. Qc8 Kf6 38. Qh8+ Kg5 39. Qd8+ Rf6 40. f4+ exf4 41. gxf4+ Kg4 42. Qxf6 Nf3+ 43. Kh1 Rb1+ 44. Bf1 Rxf1+ 45. Kg2 Rd1 46. Qxg6+ Kxf4 47. Qg3+ 1-0

[Event "*** Titled Tuesday Blitz"]
[Site "Chess.com"]
[Date "2018.09.04"]
[Round "3"]
[White "chito89"]
[Black "michaelk123"]
[Result "0-1"]
[WhiteElo "2698"]
[BlackElo "2490"]
[TimeControl "180+2"]
[EndTime "14:12:08 PDT"]
[Termination "michaelk123 won on time"]

1. e4 c6 2. d4 d5 3. exd5 cxd5 4. c4 Nf6 5. Nc3 e6 6. Nf3 Nc6 7. Bd3 dxc4 8. Bxc4 Be7 9. O-O O-O 10. h3 b6 11. Bf4 Bb7 12. Rc1 Rc8 13. Bb3 Nb4 14.
a3 Nbd5 15. Nxd5 Bxd5 16. Rxc8 Qxc8 17. Re1 Qb7 18. Bxd5 Nxd5 19. Be5 Rc8 20. Qd3 Qc6 21. Re2 Bf6 22. g3 Be7 23. g4 Bf6 24. Bg3 Qc4 25. Qxc4 Rxc4 26. Rd2 g5 27. h4 h6 28. hxg5 hxg5 29. Be5 Bxe5 30. Nxe5 Rc1+ 31. Kh2 Kg7 32.
Nf3 f6 33. Re2 Kf7 34. Rd2 Ke7 35. Kg3 Kd6 36. Re2 Nf4 37. Rd2 Rh1 38. Nh2 Kd5 39.
Rc2 Rg1+ 40. Kf3 Rd1 41. Rc3 Kxd4 42. Kg3 Ne2+ 0-1

[Event "*** Titled Tuesday Blitz"]
[Site "Chess.com"]
[Date "2018.09.04"]
[Round "3"]
[White "northridgehawk"]
[Black "Spring199"]
[Result "0-1"]
[WhiteElo "2109"]
[BlackElo "2217"]
[TimeControl "180+2"]
[EndTime "14:12:11 PDT"]
[Termination "Spring199 won by resignation"]

1. e4 e5 2. Nf3 Nc6 3. Bb5 a6 4. Ba4 Nf6 5. O-O Be7 6. d3 b5 7.
Bb3 O-O 8. Nc3 d6 9. h3 Be6 10. Nd5 Na5 11. Nxe7+ Qxe7 12. Bxe6 fxe6 13. Re1 h6 14. c3 c5 15. a4 Nc6 16. Be3 b4 17.
a5 Rab8 18. Nd2 bxc3 19. bxc3 Rb2 20. Nc4 Rb5 21. Qe2 d5 22. Nd2 d4 23. c4 Rb2 24.
Bxh6 gxh6 25. Rab1 Rfb8 26. Qf3 Rxd2 27. Rxb8+ Nxb8 28. Qg3+ Kh7 29. Qxe5 Nc6 30. Qg3 Qg7 31. Qf4 Rxd3 32.
Rb1 Nh5 33. Qd6 Ne5 34. Kf1 Nf4 35. g3 Nxh3 36. Qxe6 Ng5 37. Qf5+ Ng6 38. Rb6 Rf3 39. Qe5 Qxe5 0-1